 Dungeon Crawl Stone Soup version 0.31.0-12-g77e489cdc1 (webtiles) character file.

Game seed: 13449568374442501341

9853 Strat the Arsonist (level 11, -4/90 HPs)
             Began as a Demonspawn Fire Elementalist on Feb 12, 2024.
             Was an Initiate of Makhleb.
             Slain by Urug
             ... wielding a +1 long sword of freezing
              (6 damage)
             ... on level 12 of the Dungeon.
             The game lasted 00:31:03 (13410 turns).

Strat the Arsonist (Demonspawn Fire Elementalist)  Turns: 13410, Time: 00:31:03

Health: -4/90      AC:  9    Str:  8    XL:     11   Next: 28%
Magic:  30/30      EV: 17    Int: 21    God:    Makhleb [......]
Gold:   828        SH:  0    Dex: 13    Spells: 12/23 levels left

rFire   . . .        a - +4 short sword (venom)
rCold   . . .        (no shield)
rNeg    . . .        F - +0 steam dragon scales
rPois   .            M - +0 helmet
rElec   .            (no cloak)
rCorr   .            (gloves unavailable)
SInv    .            (no boots)
Will    .....        j - amulet of magic regeneration
Stlth   ++           N - +5 ring of evasion
HPRegen 0.35/turn    o - ring of magical power
MPRegen 0.62/turn

%: no passive effects
@: brilliant, slowed, very slow
A: claws 3, slimy green scales 2, foul stench 2, powered by pain 1
a: Renounce Religion


You were on level 12 of the Dungeon.
You worshipped Makhleb.
Makhleb was noncommittal.
You visited 2 branches of the dungeon, and saw 13 of its levels.

You collected 918 gold pieces.
You spent 90 gold pieces at shops.

Inventory:

Hand Weapons
 a - a +4 short sword of venom (weapon)
 x - the +0 short sword of Traps {chaos, rElec rPois SInv Stlth+}
   (You found it on level 4 of the Dungeon)

   rElec:     It insulates you from electricity.
   rPois:     It protects you from poison SInv: It lets you see invisible.
   Stlth+:    It makes you more stealthy.
 A - a +0 scimitar of flaming
Missiles
 t - 2 throwing nets
 u - 3 darts of dispersal
Armour
 v - an orb of light
 F - +0 steam dragon scales (worn)
 H - a +1 pair of gloves
 M - a +0 helmet (worn)
Jewellery
 c - a ring of resist corrosion
 d - a ring of see invisible
 j - an amulet of magic regeneration (around neck)
 l - a ring of flight
 o - a ring of magical power (right claw)
 y - an amulet of regeneration
 z - a ring of willpower
 G - a ring of wizardry
 N - a +5 ring of evasion (left claw)
Wands
 r - a wand of polymorph (3)
 w - a wand of flame (39)
 E - a wand of roots (14)
 J - a wand of charming (8)
Scrolls
 f - 3 scrolls of enchant weapon
 h - 4 scrolls of teleportation
 i - 3 scrolls of revelation
 m - 3 scrolls of amnesia
 n - a scroll of torment
 s - 2 scrolls of brand weapon
 I - a scroll of immolation
 L - a scroll of fog
Potions
 b - 6 potions of magic
 e - a potion of resistance
 g - 3 potions of curing
 k - 2 potions of attraction
 p - a potion of enlightenment {unknown}
 q - 2 potions of brilliance
 B - 3 potions of ambrosia
 C - 2 potions of haste {unknown}
 D - 2 potions of lignification {unknown}
 K - 2 potions of cancellation {unknown}


   Skills:
 - Level 10.0 Fighting
 - Level 1.7 Dodging
 - Level 1.7 Stealth
 + Level 6.8 Spellcasting
 + Level 7.9 Conjurations
 - Level 10.0 Fire Magic


You had 12 spell levels left.
You knew the following spells:

 Your Spells              Type           Power      Damage    Failure   Level
a - Foxfire               Conj/Fire      100%       2x1d9     1%          1
b - Scorch                Fire           100%       2d9       1%          2
c - Flame Wave            Conj/Fire      61%        2d14      2%          4
d - Sticky Flame          Fire/Alch      42%        2d8       12%         4

Your spell library contained the following spells:

 Spells                   Type           Power      Damage    Failure   Level
 Inner Flame              Hex/Fire       42%        N/A       3%          3
 Volatile Blastmotes      Fire/Tloc      84%        2d17      3%          3
 Hailstorm                Conj/Ice       35%        3d8       5%          3
 Freeze                   Ice            40%        1d6       9%          1
 Necrotise                Necr           40%        1d6       9%          1
 Sublimation of Blood     Necr           10%        N/A       14%         2
 Frozen Ramparts          Ice            20%        1d4       26%         3
 Summon Ice Beast         Ice/Summ       10%        N/A       26%         3
 Vampiric Draining        Necr           10%        2d6       26%         3
 Irradiate                Conj/Alch      17%        3d17      43%         5
 Martyr's Knell           Necr/Summ      10%        N/A       65%         4
 Petrify                  Alch/Erth      10%        N/A       65%         4
 Curse of Agony           Necr           10%        N/A       94%         5
 Sculpt Simulacrum        Ice/Alch       5%         N/A       100%        6


Dungeon Overview and Level Annotations

Branches:
Dungeon (12/15)            Temple (1/1) D:7            Lair (0/5) D:10
    Orc (0/2) D:12

Altars:
Ashenzari
Cheibriados
Dithmenos
Fedhas
Gozag
Hepliaklqana
Kikubaaqudgha
Makhleb
Nemelex Xobeh
Okawaru
Qazlal
Ru
Sif Muna
Trog
Uskayaw
Vehumet
Wu Jian
Xom
Yredelemnul

Shops:
D:1 [   D:8 **   D:11 *

Annotations:
D:3 3 runed translucent doors, Gadfly's ghost, amateur DsMo
D:4 2 runed translucent doors, Crazy Yiuf; Silvore's ghost, amateur DsFi
D:5 exclusion: statue
D:12 Urug


Innate Abilities, Weirdness & Mutations

You have claws for hands.
You are mostly covered in slimy green scales. (AC +3)
You sometimes emit foul miasma when damaged in melee.
You sometimes gain a little power by taking damage.


Message History

Urug freezes you.
Urug hits you with a +1 long sword of freezing!!
* * * LOW HITPOINT WARNING * * *
You focus on the pain.
You feel your power returning. Urug freezes you.
* * * LOW HITPOINT WARNING * * *
Casting: Flame Wave (dangerous; 2% risk of failure)
Confirm with . or Enter, or press ? or * to list all spells.
Aiming: Sticky Flame (dangerous; 12% risk of failure)
Press: ? - help, Shift-Dir - straight line, f - Urug
Aim: Urug, wielding a +1 long sword of freezing, wearing a +4 scale mail of fire resistance and quivering javelins (lightly wounded)
The sticky flame hits Urug.
Urug resists.
Urug is lightly wounded.
Urug burns! x2; Urug hits you but does no damage.
You feel clever all of a sudden.
Urug burns!
Urug barely misses you.
Urug hits you with a +1 long sword of freezing!!
* * * LOW HITPOINT WARNING * * *
Urug freezes you.
* * * LOW HITPOINT WARNING * * *
Okay, then.
Aiming: Polymorph
Press: ? - help, Shift-Dir - straight line, f/p - Urug
Aim: Urug, wielding a +1 long sword of freezing, wearing a +4 scale mail of fire resistance and quivering javelins (lightly wounded, covered in liquid flames, will become a glass eye, a skyshark, or a komodo dragon, chance to affect: 31%) Urug easily resists.
Urug burns! x2
Urug hits you with a +1 long sword of freezing!
* * * LOW HITPOINT WARNING * * *
Urug freezes you.
* * * LOW HITPOINT WARNING * * *
You emit a cloud of foul miasma!
You feel better.
Urug burns!
Urug stops burning.
Urug is engulfed in dark miasma.
Urug is poisoned.
Urug hits you with a +1 long sword of freezing!!
* * * LOW HITPOINT WARNING * * *
You focus on the pain.
You feel your power returning. Urug freezes you.
* * * LOW HITPOINT WARNING * * *
Urug is engulfed in dark miasma.
Urug looks even sicker.
Urug seems to slow down.
Urug hits you with a +1 long sword of freezing.
You die...
Urug screams, "Revenge at last!"

## ##.........##
.### #.........##
...#####...#....##
.....##........##
.............o..##
............###..##
...........## ##..##
..........## #.o.##
....>.....# #@...#
.......o..#
#........
..........#
#......##
..........#
#........
..........#
#.........
.....<#####
#.........
.......###
#.........
.........####
#........
.##.........###.....


You could see Urug (very poisoned, slow).

Vanquished Creatures
  Erica (D:8)
  2 cyclopes
  Joseph (D:7)
  A gargoyle (D:10)
  An unseen horror (D:11)
  A kobold demonologist (D:11)
  A komodo dragon (D:11)
  3 trolls
  A hornet (D:9)
  Sigmund (D:3)
  3 wraiths
  4 wyverns
  A steam dragon (D:7)
  4 vampire mosquitoes
  2 water moccasins
  An acid dragon (D:11)
  6 orc warriors
  3 black bears
  2 sky beasts (D:7)
  2 ice beasts
  3 ogres
  A phantom (D:7)
  5 centaurs
  4 kobold brigands
  3 gnoll sergeants
  2 scorpions
  4 wights (D:8)
  2 electric eels
  4 howler monkeys
  2 bombardier beetles
  3 orc priests
  2 jellies
  3 sleepcaps
  5 iguanas
  Terence (D:2)
  16 orc wizards
  17 gnolls
  7 adders
  3 shadow imps
  A dart slug (D:1)
  A ribbon worm (D:2)
  36 orcs
  11 endoplasms
  3 giant cockroaches
  6 goblins
  14 hobgoblins
  2 jackals (D:2)
  18 kobolds
  2 quokkas
  8 ball pythons
  7 bats
  4 frilled lizards
  4 rats
245 creatures vanquished.

Vanquished Creatures (others)
  An orc wizard (D:8)
  84 foxfires
85 creatures vanquished.

Grand Total: 330 creatures vanquished

Notes
Turn   | Place    | Note
-------+----------+-------------------------------------------
     0 | D:1      | Strat the Demonspawn Fire Elementalist began the quest for
                  | the Orb.
     0 | D:1      | Reached XP level 1. HP: 13/13 MP: 3/3
   109 | D:1      | Found Boxo's Armour Boutique.
   263 | D:1      | Gained mutation: You may rarely emit foul miasma when
                  | damaged in melee. [demonic ancestry]
   263 | D:1      | Reached XP level 2. HP: 19/19 MP: 0/5
   316 | D:1      | Learned a level 2 spell: Scorch
   699 | D:1      | Found a faded altar of an unknown god.
  1162 | D:1      | Gained mutation: You have sharp fingernails. [demonic
                  | ancestry]
  1162 | D:1      | Reached XP level 3. HP: 23/24 MP: 6/6
  2045 | D:2      | Noticed Terence
  2049 | D:2      | Killed Terence
  2050 | D:2      | Gained mutation: You are partially covered in slimy green
                  | scales. (AC +2) [demonic ancestry]
  2050 | D:2      | Reached XP level 4. HP: 20/30 MP: 7/7
  2326 | D:2      | Reached XP level 5. HP: 29/35 MP: 8/8
  2557 | D:2      | Learned a level 4 spell: Flame Wave
  2934 | D:3      | Noticed Sigmund
  3074 | D:3      | Reached skill level 5 in Fire Magic
  3183 | D:3      | Found a basalt altar of Yredelemnul.
  3522 | D:3      | Found a runed translucent gate.
  3522 | D:3      | Found a runed translucent gate.
  3523 | D:3      | Noticed Gadfly's ghost (amateur DsMo)
  3524 | D:3      | Found a runed translucent gate.
  3644 | D:3      | Killed Sigmund
  3645 | D:3      | Gained mutation: You sometimes emit foul miasma when
                  | damaged in melee. [demonic ancestry]
  3645 | D:3      | Reached XP level 6. HP: 26/41 MP: 9/9
  3975 | D:4      | Reached XP level 7. HP: 46/46 MP: 10/10
  3975 | D:4      | Identified the +0 short sword of Traps {chaos, rElec rPois
                  | SInv Stlth+}
  4296 | D:4      | Found a runed translucent door.
  4297 | D:4      | Noticed Crazy Yiuf
  4665 | D:4      | Noticed Silvore's ghost (amateur DsFi)
  4666 | D:4      | Found a runed translucent door.
  5171 | D:5      | Entered Level 5 of the Dungeon
  5182 | D:4      | Reached skill level 5 in Conjurations
  5243 | D:5      | Found a radiant altar of Vehumet.
  6257 | D:6      | Gained mutation: You sometimes gain a little power by
                  | taking damage. [demonic ancestry]
  6257 | D:6      | Reached XP level 8. HP: 40/52 MP: 12/12
  6506 | D:6      | Found a hide-covered altar of Uskayaw.
  6507 | D:6      | Noticed a +0 dagger
  6507 | D:6      | Noticed a +0 hand axe
  6652 | D:7      | Noticed Joseph
  6697 | D:7      | Found a staircase to the Ecumenical Temple.
  6742 | Temple   | Entered the Ecumenical Temple
  7005 | D:7      | Killed Joseph
  7006 | D:7      | Reached skill level 5 in Spellcasting
  7146 | D:7      | Reached skill level 1 in Fighting
  7226 | D:7      | Gained mutation: You are mostly covered in slimy green
                  | scales. (AC +3) [demonic ancestry]
  7226 | D:7      | Reached XP level 9. HP: 38/61 MP: 16/16
  7348 | D:7      | Noticed Maggie
  7433 | D:7      | Maggie changed into Maggie the wyvern
  7433 | D:7      | Noticed Maggie
  7437 | D:7      | Killed Maggie the wyvern
  7832 | D:7      | Noticed a troll
  7846 | D:7      | Killed a troll
  7982 | D:7      | Noticed a tengu conjurer
  8036 | D:7      | Reached skill level 5 in Fighting
  8176 | D:7      | Learned a level 4 spell: Sticky Flame
  8192 | D:7      | a tengu conjurer changed into a wyvern
  8874 | D:8      | Found a hazy altar of Hepliaklqana.
  8881 | D:8      | Found a sacrificial altar of Ru.
  8893 | D:8      | Gained mutation: You have very sharp fingernails. [demonic
                  | ancestry]
  8893 | D:8      | Reached XP level 10. HP: 76/76 MP: 17/17
  8918 | D:8      | Noticed Erica
  8923 | D:8      | Killed Erica
  8924 | D:8      | Reached skill level 10 in Fire Magic
  9230 | D:8      | Found Kuocky's General Store.
  9342 | D:8      | Found Louq's Specific Store.
  9382 | D:8      | Bought a scroll of enchant armour for 90 gold pieces
 10699 | D:9      | Reached skill level 10 in Fighting
 10977 | D:10     | Entered Level 10 of the Dungeon
 11010 | D:10     | Noticed a gargoyle
 11039 | D:10     | Found a burning altar of Makhleb.
 11044 | D:10     | Became a worshipper of Makhleb the Destroyer
 11259 | D:10     | Found a sparkling altar of Nemelex Xobeh.
 11692 | D:10     | Killed a gargoyle
 11807 | D:10     | Found a bloodstained altar of Trog.
 11831 | D:10     | Found a staircase to the Lair.
 12097 | D:11     | Gained mutation: You have claws for hands. [demonic
                  | ancestry]
 12097 | D:11     | Reached XP level 11. HP: 90/90 MP: 19/19
 12419 | D:11     | Identified a scroll of acquirement
 12419 | D:11     | Acquired a +5 ring of evasion
 12616 | D:11     | Found Raido's Assorted Antiques.
 13136 | D:12     | Found a staircase to the Orcish Mines.
 13297 | D:12     | Noticed a two-headed ogre
 13302 | D:12     | Noticed Urug
 13410 | D:12     | HP: 2/90 [Urug/+1 long sword of freezing (4)]
 13410 | D:12     | Slain by Urug

Illustrated notes

Levels and vault maps discovered:
D:1:      ncdulo_wetmaze, layout_basic, serial_shops,
          nicolae_shop_window_shopping, hellmonk_ecumenical_altar_heavens_door,
          minmay_misc_feat_pillars
D:2:      layout_loops_corners, minmay_splitting_lines, minivault_27,
          uniq_terence
D:3:      layout_loops_corners, mainiacjoe_overflow_six_doors_small,
          gammafunk_ghost_nasty_kobolds, uniq_sigmund
D:4:      layout_basic, hellmonk_ghost_happy_afterlife, uniq_crazy_yiuf_cottage
D:5:      layout_basic, vehumet_statue, chequers_serial_rivers_large_a
D:6:      wander_river, layout_rooms, dancing_weapons_uskayaw
D:7:      nzn_winding_woodlands_small
          [nzn_winding_woodlands_5x15_river_crossing,
          nzn_winding_woodlands_center_pierced_h,
          nzn_winding_woodlands_5x15_lazy_stream], layout_basic, temple_green,
          uniq_maggie, uniq_joseph
D:8:      layout_cave_pools, nicolae_overflow_squiral, nicolae_specific_store,
          grunt_ministairs_14, uniq_erica
D:9:      layout_cave_pools
D:10:     layout_cave_pods, general_overflow_altar, lightli_temple_of_fire,
          mainiacjoe_overflow_large_starburst, lair_entry_dummy, minivault_14
D:11:     layout_long_grid, kennysheep_small_square
D:12:     layout_layer_cave, orc_david_3, uniq_urug
Temple:   nicolae_temple_god_jail

Skill      XL: |  1  2  3  4  5  6  7  8  9 10 11 |
---------------+----------------------------------+-----
Fire Magic     | 3 4 5 6 7 8 9 10 | 10.0
Conjurations   | 2 3 4 5 6 7 |  7.9
Spellcasting   | 3 5 6 |  6.8
Fighting       | 2 6 10 | 10.0
Dodging        | |  1.7
Stealth        | |  1.7

Action                     |  1- 3 |  4- 6 |  7- 9 | 10-12 || total
---------------------------+-------+-------+-------+-------++-------
  Melee: Unarmed           |     6 |       |       |       ||     6
         Quarterstaff      |     8 |       |       |       ||     8
         Short sword       |    51 |    39 |    35 |    38 ||   163
         Punch             |       |       |       |     1 ||     1
   Cast: Foxfire           |     9 |    17 |    12 |    10 ||    48
         Scorch            |    19 |    47 |   168 |    90 ||   324
         Flame Wave        |       |       |       |    15 ||    15
         Sticky Flame      |       |       |       |     8 ||     8
  Evoke: Wand              |       |       |     2 |     3 ||     5
    Use: Scroll            |       |       |    15 |    10 ||    25
         Potion            |       |       |       |     5 ||     5
   Stab: Sleeping          |     5 |       |     1 |       ||     6
         Invisible         |       |       |       |     1 ||     1
 Armour: Robe              |    20 |       |       |       ||    20
         Leather armour    |    12 |    62 |    83 |       ||   157
         Steam dragon scal |       |       |    15 |   120 ||   135
  Dodge: Dodged            |    48 |    40 |    59 |    96 ||   243
